 Dungeon Crawl Stone Soup version 0.31-a0-1589-g8f5e8aebd6 (webtiles) character file.

Game seed: 16754024381187799248

1036 Mesmaeker13 the Covert (level 8, 0/44 HPs)
             Began as a Kobold Brigand on Jan 5, 2024.
             Succumbed to a water moccasin's poison
             ... on level 5 of the Dungeon.
             The game lasted 00:08:32 (3196 turns).

Mesmaeker13 the Covert (Kobold Brigand)             Turns: 3196, Time: 00:08:33

Health: 0/44       AC:  8    Str:  8    XL:     8   Next: 48%
Magic:  7/8        EV: 19    Int: 13    God:
Gold:   353        SH:  0    Dex: 24    Spells: 4/7 levels left

rFire   . . .        a - +2 dagger (heavy)
rCold   . . .        (no shield)
rNeg    + . .        p - +0 robe {rN+}
rPois   .            (no helmet)
rElec   .            r - +0 cloak
rCorr   .            v - +0 pair of gloves
SInv    .            (no boots)
Will    .....        w - amulet of guardian spirit
Stlth   +++++        f - +4 ring of protection
HPRegen 0.27/turn    y - +6 ring of dexterity
MPRegen 0.11/turn

%: guardian spirit
@: brilliant, lethally poisoned (0 -> -1), hasted, very quick
A: small, no large weapons, nightstalker 3
a: no special abilities


You were on level 5 of the Dungeon.
You visited 1 branch of the dungeon, and saw 5 of its levels.

You collected 353 gold pieces.

Inventory:

Hand Weapons
 a - a +2 heavy dagger (weapon)
Missiles
 d - 10 poisoned darts (quivered)
 e - 7 curare-tipped darts
Armour
 c - a +0 cloak
 p - a +0 robe of positive energy (worn)
 r - a +0 cloak (worn)
 v - a +0 pair of gloves (worn)
Jewellery
 f - a +4 ring of protection (left hand)
 n - a ring of magical power
 w - an amulet of guardian spirit (around neck)
 y - a +6 ring of dexterity (right hand)
Wands
 q - a wand of mindburst (1)
Scrolls
 b - 5 scrolls of identify {unknown}
 g - 2 scrolls of teleportation
 h - a scroll of revelation
 i - a scroll of immolation {unknown}
 j - 2 scrolls of enchant weapon {unknown}
 l - a scroll of fear {unknown}
 u - a scroll of blinking {unknown}
 x - a scroll of amnesia {unknown}
Potions
 k - a potion of enlightenment
 s - a potion of degeneration {unknown}
 t - 2 potions of lignification
 B - a potion of curing {unknown}


   Skills:
 - Level 2.1 Fighting
 + Level 6.6 Short Blades
 - Level 5.2 Throwing
 + Level 5.6 Dodging
 + Level 8.5 Stealth
 + Level 1.1 Necromancy


You had 4 spell levels left.
You knew the following spells:

 Your Spells              Type           Power      Damage    Failure   Level
a - Vampiric Draining     Necr           4%         2d6       52%         3

Your spell library contained the following spells:

 Spells                   Type           Power      Damage    Failure   Level
 Necrotise                Necr           16%        1d4       21%         1
 Blink                    Tloc           0%         N/A       43%         2
 Lesser Beckoning         Tloc           0%         N/A       43%         2
 Momentum Strike          Conj/Tloc      0%         3d8       43%         2
 Frozen Ramparts          Ice            0%         1d1       67%         3
 Martyr's Knell           Necr/Summ      2%         N/A       94%         4
 Leda's Liquefaction      Alch/Erth      0%         N/A       97%         4
 Olgreb's Toxic Radiance  Alch           0%         N/A       97%         4
 Petrify                  Alch/Erth      0%         N/A       97%         4
 Curse of Agony           Necr           4%         N/A       99%         5
 Metabolic Englaciation   Hex/Ice        0%         N/A       100%        5
 Haunt                    Necr/Summ      1%         N/A       100%        7
 Infestation              Necr           2%         N/A       100%        8


Dungeon Overview and Level Annotations

Branches:
Dungeon (5/15)
 Temple: D:4-7

Altars:
Cheibriados
Gozag
Wu Jian
Xom

Shops:
D:1 [   D:3 [


Innate Abilities, Weirdness & Mutations

You are small and have problems with some larger weapons.
You are completely attuned to the shadows.


Message History

* * * LOW HITPOINT WARNING * * *
You feel very sick.
You start resting.
* * * LOW HITPOINT WARNING * * *
You feel very sick.
You start resting.
* * * LOW HITPOINT WARNING * * *
You feel sick.
You start resting.
* * * LOW HITPOINT WARNING * * *
You feel sick.
You start resting.
* * * LOW HITPOINT WARNING * * *
You feel sick.
Unknown command.
You start resting.
* * * LOW HITPOINT WARNING * * *
You feel sick.
It was a potion of might.
You feel very mighty all of a sudden.
* * * LOW HITPOINT WARNING * * *
You feel sick.
It was a potion of cancellation.
Your magical effects are unravelling.
You feel magically purged.
You feel less wooden.
Your +0 cloak unmelds from your body.
Your +0 pair of gloves unmelds from your body.
Your +0 robe of positive energy unmelds from your body.
You feel more protected from negative energy.
You feel a little less mighty now.
Your enlightenment fades.
* * * LOW HITPOINT WARNING * * *
You feel sick.
It was a potion of brilliance.
You feel clever all of a sudden.
* * * LOW HITPOINT WARNING * * *
You feel sick.
Unknown command.
It was a potion of haste.
You feel yourself speed up.
You die...

.. ..# ########.....
..# #..............#
..####..............#
....##..............#
....##..............##
....'............)....
....##.........)@)....
....##................
....##................
....##........>.......
...........


There were no monsters in sight!

Vanquished Creatures
  Grinder (D:3)
  Sigmund (D:2)
  A water moccasin (D:5)
  A centaur (D:5)
  A bullfrog (D:4)
  A bombardier beetle (D:4)
  Crazy Yiuf (D:2)
  2 hounds (D:5)
  3 orc priests
  Jessica (D:2)
  2 iguanas (D:4)
  3 gnolls (D:4)
  4 adders
  A white imp (D:5)
  12 orcs
  12 ball pythons
  5 bats
  7 endoplasms
  3 giant cockroaches
  4 goblins
  4 hobgoblins
  2 jackals (D:4)
  7 quokkas
  4 frilled lizards
  8 kobolds
  3 rats (D:1)
94 creatures vanquished.

Notes
Turn   | Place    | Note
-------+----------+-------------------------------------------
     0 | D:1      | Mesmaeker13 the Kobold Brigand began the quest for the Orb.
     0 | D:1      | Reached XP level 1. HP: 12/12 MP: 1/1
    59 | D:1      | Reached XP level 2. HP: 16/17 MP: 2/2
    82 | D:1      | Found Jibi's Armour Emporium.
   281 | D:1      | Reached XP level 3. HP: 21/21 MP: 3/3
   944 | D:2      | Noticed Jessica
   949 | D:2      | Killed Jessica
   950 | D:2      | Reached XP level 4. HP: 26/26 MP: 4/4
  1110 | D:2      | Noticed Sigmund
  1113 | D:2      | Killed Sigmund
  1114 | D:2      | Reached skill level 6 in Stealth
  1114 | D:2      | Reached XP level 5. HP: 15/30 MP: 5/5
  1114 | D:2      | Reached XP level 6. HP: 17/35 MP: 6/6
  1416 | D:2      | Found a runed translucent door.
  1419 | D:2      | Noticed Crazy Yiuf
  1424 | D:2      | Killed Crazy Yiuf
  1495 | D:3      | Noticed Grinder
  1503 | D:3      | Killed Grinder
  1504 | D:3      | Reached skill level 5 in Short Blades
  1504 | D:3      | Reached skill level 7 in Stealth
  1504 | D:3      | Reached XP level 7. HP: 40/40 MP: 7/7
  1653 | D:3      | Found Ibaat's Antique Armour Emporium.
  1982 | D:3      | Found an opulent altar of Gozag.
  2387 | D:4      | Found a shimmering altar of Xom.
  2468 | D:4      | Found an ornate altar of the Wu Jian Council.
  2566 | D:4      | Reached XP level 8. HP: 35/44 MP: 8/8
  2621 | D:4      | Found a snail-covered altar of Cheibriados.
  2791 | D:4      | Reached skill level 5 in Dodging
  2791 | D:4      | Reached skill level 8 in Stealth
  2794 | D:4      | Reached skill level 5 in Throwing
  2860 | D:5      | Entered Level 5 of the Dungeon
  3053 | D:5      | Got the Book of the Changed Catacomb
  3061 | D:5      | Learned a level 3 spell: Vampiric Draining
  3186 | D:5      | Reached skill level 1 in Necromancy
  3193 | D:5      | HP: 3/66 [poisoned by a water moccasin]
  3194 | D:5      | HP: 1/44 [poisoned by a water moccasin]
  3196 | D:5      | Succumbed to a water moccasin's poison

Illustrated notes

Levels and vault maps discovered:
D:1:      eino_arrival_water_star, layout_rooms, serial_shops, shop
D:2:      layout_loops_ring, corexii_corridor_pit, uniq_jessica,
          uniq_crazy_yiuf_cottage, uniq_sigmund
D:3:      layout_loops_ring, nicolae_gozag_cash_rules_everything_around_me,
          serial_shops, nicolae_shop_tiny_real_fake_doors, uniq_grinder
D:4:      layout_gridville, nicolae_wu_jian_immortal_techniques,
          mainiacjoe_overflow_catch_the_wave
D:5:      layout_basic

Skill      XL: |  1  2  3  4  5  6  7  8 |
---------------+-------------------------+-----
Short Blades   | 3 4 5 6 |  6.6
Dodging        | 2 3 4 5 |  5.6
Throwing       | 3 4 5 |  5.2
Stealth        | 6 7 8 |  8.5
Necromancy     | 1 |  1.1
Fighting       | |  2.1

Action                     |  1- 3 |  4- 6 |  7- 9 || total
---------------------------+-------+-------+-------++-------
  Melee: Dagger            |    75 |    20 |   144 ||   239
         Punch             |       |       |     2 ||     2
  Throw: Dart              |     2 |       |     6 ||     8
  Evoke: Wand              |       |     6 |     4 ||    10
    Use: Scroll            |     1 |       |     3 ||     4
         Potion            |       |       |     6 ||     6
   Stab: Sleeping          |    16 |     4 |    21 ||    41
         Distracted        |       |       |     1 ||     1
 Armour: Robe              |    19 |     3 |    37 ||    59
  Dodge: Dodged            |    31 |     9 |   114 ||   154

Table legend: (Time is in decaauts)
 A = Elapsed time spent in this place.
 B = Non-inter-level travel time spent in this place.
 C = Inter-level travel time spent in this place.
 D = Time resting spent in this place.
 E = Time spent auto-exploring this place.
 F = Levels seen in this place.
 G = Mean time per level.
                   A        B        C        D        E       F      G
               +--------+--------+--------+--------+--------+-----+--------+
         Total |   3146 |   3075 |     71 |     21 |   2330 |   5 |  629.2 |
       Dungeon |   3146 |   3075 |     71 |     21 |   2330 |   5 |  629.2 |
               +--------+--------+--------+--------+--------+-----+--------+

Top non-repeatable levels by time:
     D:2: 970 daAuts
     D:3: 707 daAuts
     D:4: 653 daAuts
     D:1: 480 daAuts
     D:5: 335 daAuts
